 Dungeon Crawl Stone Soup version 0.27-a0-277-g024f7ef292 (webtiles) character file.

Game seed: 12930352547698728314

380 skwiii the Stinger (level 6, -5/44 HPs)
             Began as a Gnoll Venom Mage on Feb 7, 2021.
             Slain by Blork the orc
             ... wielding a +0 mace
              (8 damage)
             ... on level 5 of the Dungeon.
             The game lasted 00:24:24 (4813 turns).

skwiii the Stinger (Gnoll Venom Mage)               Turns: 4813, Time: 00:24:25

Health: -5/44      AC:  3    Str:  8    XL:     6   Next: 75%
Magic:  2/14       EV: 14    Int: 16    God:
Gold:   253        SH:  0    Dex: 12    Spells: 2/15 levels left

rFire    . . .     SeeInvis +     - Unarmed
rCold    . . .     Faith    .   (no shield)
rNeg     . . .     Spirit   .   a - +1 robe
rPois    .         Reflect  .   (no helmet)
rElec    .         Harm     .   (no cloak)
rCorr    .         Rampage  .   (no gloves)
Will     .....                  (no boots)
Stlth    +++.......             (no amulet)
HPRegen  0.14/turn              d - ring of see invisible
MPRegen  0.14/turn              (no ring)

@: no status effects
A: distributed training, fangs 1, strong nose
a: no special abilities


You were on level 5 of the Dungeon.
You visited 1 branch of the dungeon, and saw 5 of its levels.

You collected 253 gold pieces.

Inventory:

Armour
 a - a +1 robe (worn)
Jewellery
 d - a ring of see invisible (left hand)
 o - an uncursed ring of see invisible
Wands
 r - a wand of flame (12)
Scrolls
 b - a scroll of teleportation
 c - a scroll of enchant weapon {unknown}
 e - 4 scrolls of identify
 h - a scroll of amnesia {unknown}
 j - a scroll of noise {unknown}
 l - a scroll of enchant armour
 m - a scroll of blinking {unknown}
 s - a scroll of immolation {unknown}
Potions
 f - a potion of mutation
 g - a potion of resistance {unknown}
 i - a potion of degeneration {unknown}
 k - 2 potions of magic
 n - 2 potions of heal wounds {unknown}
 p - a potion of curing {unknown}
 q - a potion of brilliance {unknown}
 t - 2 potions of flight {unknown}


   Skills:
 + Level 2.1 Fighting
 + Level 2.1 Short Blades
 + Level 2.1 Long Blades
 + Level 2.1 Axes
 + Level 2.1 Maces & Flails
 + Level 2.1 Polearms
 + Level 2.1 Staves
 + Level 2.1 Slings
 + Level 2.1 Bows
 + Level 2.1 Crossbows
 + Level 2.1 Throwing
 + Level 2.1 Armour
 + Level 5.0 Dodging
 + Level 4.7 Stealth
 + Level 2.1 Shields
 + Level 2.1 Unarmed Combat
 + Level 5.4 Spellcasting
 + Level 1.6 Conjurations
 + Level 1.6 Hexes
 + Level 1.6 Summonings
 + Level 1.6 Necromancy
 + Level 1.6 Translocations
 + Level 2.7 Transmutations
 + Level 1.6 Fire Magic
 + Level 1.6 Ice Magic
 + Level 1.6 Air Magic
 + Level 1.6 Earth Magic
 + Level 5.7 Poison Magic
 + Level 2.3 Invocations
 + Level 2.1 Evocations


You had 2 spell levels left.
You knew the following spells:

 Your Spells              Type           Power        Failure   Level
a - Sting                 Tmut/Pois      68%          2%          1
b - Poisonous Vapours     Pois/Air       32%          4%          2
c - Ignite Poison         Fire/Tmut/Pois 15%          11%         3
d - Mephitic Cloud        Conj/Pois/Air  14%          13%         3
e - Olgreb's Toxic Radia  Pois           22%          14%         4

Your spell library contained the following spells:

 Spells                   Type           Power        Failure   Level


Dungeon Overview and Level Annotations

Branches:
Dungeon (5/15)
 Temple: D:4-7

Altars:
Cheibriados
Qazlal
Ru
Yredelemnul
The Shining One

Annotations:
D:5 Blork the orc


Innate Abilities, Weirdness & Mutations

Your experience applies equally to all skills.
You have very sharp teeth.
Your uncanny sense of smell can sniff out nearby items.


Message History

Casting: Poisonous Vapours (safe; 4% risk of failure)
Confirm with . or Enter, or press ? or * to list all spells.
You don't have enough magic to cast that spell.
Unknown command.
Blork the orc gestures at you while chanting.
The puff of flame hits you but does no damage.
Blork the orc casts a spell at you. The puff of frost misses you.
A shadow imp comes into view.
Found a stone staircase leading up.
A giant cockroach comes into view.
The shadow imp shouts, "Back with thee, thou errant beetle-headed flap-bat!"
Found 10 gold pieces.
Blork the orc misses you.
The giant cockroach bites you but does no damage.
Blork the orc casts a spell at you. The puff of flame hits you!
* * * LOW HITPOINT WARNING * * *
The giant cockroach misses you. Blork the orc hits you with a +0 mace!
You die...

.#....#......... ....
...............##.......
#..$.........?. ........
#.......##....# .#.....
....<.......#.# #......
..............####......
.......5................
......B.o...............
.......@...#####.....)..
.........###...###...)[.
.......###.....YZ##.?..#
......# ...###Z..#....#
...... ....# #..#.....
...... ..$# #..#..._.
..##.. ... ∆ #Z##.....
.# #. ∆ ∆ ..#......
...#......


You could see Blork the orc (fast, poisoned), a shadow imp and a giant
cockroach.

Vanquished Creatures
  An ogre (D:4)
  A howler monkey (D:4)
  A hound (D:4)
  Jessica (D:3)
  2 worker ants (D:4)
  4 gnolls (D:4)
  A howler monkey skeleton (D:4)
  4 adders
  3 oozes
  2 worms
  A dart slug (D:3)
  A leopard gecko (D:1)
  3 orcs (D:5)
  6 giant cockroaches
  7 hobgoblins
  3 jackals (D:3)
  A quokka (D:3)
  7 bats
  A frilled lizard (D:1)
  7 goblins
  6 kobolds
  A leopard gecko skeleton (D:4)
  3 rats
67 creatures vanquished.

Notes
Turn   | Place    | Note
-------+----------+-------------------------------------------
     0 | D:1      | skwiii the Gnoll Venom Mage began the quest for the Orb.
     0 | D:1      | Reached XP level 1. HP: 13/13 MP: 6/6
   152 | D:1      | Reached XP level 2. HP: 19/19 MP: 0/7
  1299 | D:2      | Noticed an earth elemental
  1316 | D:2      | Found a glowing golden altar of the Shining One.
  1395 | D:2      | Reached skill level 5 in Spellcasting
  1395 | D:2      | Reached XP level 3. HP: 14/25 MP: 5/9
  1579 | D:2      | Found a stormy altar of Qazlal.
  1581 | D:2      | Noticed a water elemental
  1581 | D:2      | Noticed an air elemental
  1581 | D:2      | Noticed a fire elemental
  1683 | D:2      | Reached skill level 1 in Invocations
  2074 | D:3      | Noticed Jessica
  2159 | D:3      | Reached skill level 1 in Fighting
  2159 | D:3      | Reached skill level 1 in Short Blades
  2159 | D:3      | Reached skill level 1 in Long Blades
  2159 | D:3      | Reached skill level 1 in Axes
  2159 | D:3      | Reached skill level 1 in Maces & Flails
  2159 | D:3      | Reached skill level 1 in Polearms
  2159 | D:3      | Reached skill level 1 in Staves
  2159 | D:3      | Reached skill level 1 in Slings
  2159 | D:3      | Reached skill level 1 in Bows
  2159 | D:3      | Reached skill level 1 in Crossbows
  2159 | D:3      | Reached skill level 1 in Throwing
  2159 | D:3      | Reached skill level 1 in Armour
  2159 | D:3      | Reached skill level 1 in Shields
  2159 | D:3      | Reached skill level 1 in Unarmed Combat
  2159 | D:3      | Reached skill level 1 in Evocations
  2170 | D:3      | Reached XP level 4. HP: 32/32 MP: 1/11
  2653 | D:3      | Killed Jessica
  2654 | D:3      | Reached skill level 1 in Conjurations
  2654 | D:3      | Reached skill level 1 in Hexes
  2654 | D:3      | Reached skill level 1 in Summonings
  2654 | D:3      | Reached skill level 1 in Necromancy
  2654 | D:3      | Reached skill level 1 in Translocations
  2654 | D:3      | Reached skill level 1 in Fire Magic
  2654 | D:3      | Reached skill level 1 in Ice Magic
  2654 | D:3      | Reached skill level 1 in Air Magic
  2654 | D:3      | Reached skill level 1 in Earth Magic
  2745 | D:3      | Found a basalt altar of Yredelemnul.
  3077 | D:3      | Found a snail-covered altar of Cheibriados.
  3104 | D:3      | Reached XP level 5. HP: 37/37 MP: 8/12
  3265 | D:4      | Learned a level 2 spell: Poisonous Vapours
  3270 | D:4      | Learned a level 3 spell: Ignite Poison
  3274 | D:4      | Learned a level 3 spell: Mephitic Cloud
  3279 | D:4      | Learned a level 4 spell: Olgreb's Toxic Radiance
  3698 | D:4      | Noticed an ogre
  3706 | D:4      | Killed an ogre
  3707 | D:4      | Reached skill level 5 in Dodging
  3707 | D:4      | Reached XP level 6. HP: 44/44 MP: 10/14
  4768 | D:5      | Entered Level 5 of the Dungeon
  4768 | D:5      | Found a sacrificial altar of Ru.
  4777 | D:5      | Noticed an ice beast
  4781 | D:5      | Noticed Blork the orc
  4813 | D:5      | Slain by Blork the orc

Illustrated notes

Levels and vault maps discovered:
D:1:      heliophobic_arrival_ceremonial_halls, layout_basic
D:2:      layout_rooms, nicolae_tso_carved_into_rock, minivault_4,
          minmay_misc_feat_enclosed, nicolae_qazlal_style_of_elements
D:3:      layout_basic, yredelemnul_altar_generic, kennysheep_slug_shrine,
          uniq_jessica
D:4:      layout_gridville
D:5:      layout_cave_pools, overflow_temple_1_default, gammafunk_ghost_icy,
          uniq_blork_the_orc, uniq_crazy_yiuf_cottage

Skill      XL: |  1  2  3  4  5  6 |
---------------+-------------------+-----
Transmutations | 2 |  2.7
Spellcasting   | 5 |  5.4
Invocations    | 1 2 |  2.3
Fighting       | 1 2 |  2.1
Short Blades   | 1 2 |  2.1
Long Blades    | 1 2 |  2.1
Axes           | 1 2 |  2.1
Maces & Flails | 1 2 |  2.1
Polearms       | 1 2 |  2.1
Staves         | 1 2 |  2.1
Slings         | 1 2 |  2.1
Bows           | 1 2 |  2.1
Crossbows      | 1 2 |  2.1
Throwing       | 1 2 |  2.1
Armour         | 1 2 |  2.1
Shields        | 1 2 |  2.1
Unarmed Combat | 1 2 |  2.1
Evocations     | 1 2 |  2.1
Conjurations   | 1 |  1.6
Hexes          | 1 |  1.6
Summonings     | 1 |  1.6
Necromancy     | 1 |  1.6
Translocations | 1 |  1.6
Fire Magic     | 1 |  1.6
Ice Magic      | 1 |  1.6
Air Magic      | 1 |  1.6
Earth Magic    | 1 |  1.6
Dodging        | 5 |  5.0
Stealth        | |  4.7
Poison Magic   | |  5.7

Action                   |  1- 3 |  4- 6 || total
-------------------------+-------+-------++-------
Melee: Unarmed           |     9 |    33 ||    42
       Bite              |     1 |     2 ||     3
 Cast: Sting             |    72 |    64 ||   136
       Poisonous Vapours |       |     9 ||     9
       Mephitic Cloud    |       |     1 ||     1
       Olgreb's Toxic Ra |       |     1 ||     1
  Use: Scroll            |       |     5 ||     5
Armor: Robe              |     1 |    10 ||    11
Dodge: Dodged            |    23 |    62 ||    85

Table legend: (Time is in decaauts)
 A = Elapsed time spent in this place.
 B = Non-inter-level travel time spent in this place.
 C = Inter-level travel time spent in this place.
 D = Time resting spent in this place.
 E = Time spent auto-exploring this place.
 F = Levels seen in this place.
 G = Mean time per level.
                   A        B        C        D        E       F      G
               +--------+--------+--------+--------+--------+-----+--------+
         Total |   4813 |   4740 |     73 |    785 |   3013 |   5 |  962.6 |
       Dungeon |   4813 |   4740 |     73 |    785 |   3013 |   5 |  962.6 |
               +--------+--------+--------+--------+--------+-----+--------+

Top non-repeatable levels by time:
     D:4: 1537 daAuts
     D:1: 1297 daAuts
     D:3: 1156 daAuts
     D:2: 777 daAuts
     D:5: 44 daAuts
